 Dungeon Crawl Stone Soup version 0.30-a0-141-g30f27751c5 (webtiles) character file.

Game seed: 1556474852270116587

46558 ytrimaz the Zephyrmancer (level 14, -2/99 HPs)
             Began as an Octopode Transmuter on Sept 26, 2022.
             Was an Initiate of Gozag.
             Slain by a seven-headed hydra (6 damage)
             ... while petrified by a basilisk
             ... on level 5 of the Lair of Beasts.
             The game lasted 00:34:49 (20553 turns).

ytrimaz the Zephyrmancer (Octopode Transmuter)     Turns: 20553, Time: 00:34:49

Health: -2/99      AC: 16    Str: 10    XL:     14   Next: 38%
Magic:  29/37      EV:  2    Int: 24    God:    Gozag
Gold:   1488       SH:  0    Dex: 11    Spells: 8/33 levels left

rFire   . . .      SeeInvis .      - Unarmed
rCold   . . .      Faith    .    (shield currently unavailable)
rNeg    + + +      Spirit   .    (helmet currently unavailable)
rPois   ∞          Reflect  .    i - amulet of regeneration
rElec   +          Harm     .    w - ring of poison resistance
rCorr   .          Rampage  .    q - ring of Jais {MP+9 Int+5}
Will    +....                    (no ring)
Stlth   +.........               (no ring)
HPRegen 1.06/turn                (no ring)
MPRegen 0.25/turn                (no ring)
                                 (no ring)
                                 (no ring)

@: storm-form, petrified, flying
A: cleaving, insubstantial, flying, almost no armour, amphibious, 8 rings,
(camouflage 1), (gelatinous body 1), (nimble swimmer 1), (tentacles), clumsy 1
a: Blinkbolt, End Transformation, Renounce Religion, Potion Petition, Call
Merchant, Bribe Branch


You were on level 5 of the Lair of Beasts.
You worshipped Gozag.
Gozag was most pleased with you.
You were a lightning-filled tempest!
You visited 3 branches of the dungeon, and saw 18 of its levels.
You also visited: Ice Cave and Volcano.

You collected 6859 gold pieces.
You spent 2940 gold pieces at shops.
You paid 2431 gold pieces to Gozag.


Innate Abilities, Weirdness & Mutations

You are a lightning-filled tempest!
Your electrical attacks strike out in all directions at once.
You are incredibly evasive.
Your insubstantial body is immune to petrification, constriction, and being set on fire You are flying.
You are immune to poison.
Your armour is entirely melded.
You are incapable of wielding weapons or throwing items.
You cannot wear most types of armour.
You are amphibious.
You can wear up to eight rings at the same time.
((Your skin changes colour to match your surroundings (Stealth+).))
((Your rubbery body absorbs attacks. (AC +1, EV +1)))
((You are camouflaged when in or above water. (Stealth+)))
((You have tentacles for arms and can constrict up to eight enemies at once.))
You are clumsy. (Dex -2)


   Skills:
 - Level 10.6 Fighting
 - Level 2.0 Dodging
 - Level 11.2 Unarmed Combat
 - Level 10.3 Spellcasting
 + Level 12.4 Transmutations
 - Level 4.0 Ice Magic
 + Level 13.8 Air Magic
 - Level 4.0 Poison Magic


You had 8 spell levels left.
You knew the following spells:

 Your Spells              Type           Power      Damage    Failure   Level
a - Ice Form              Ice/Tmut       51%        N/A       1%          4
b - Wereblood             Tmut           64%        N/A       1%          2
c - Dragon Form           Tmut           32%        N/A       26%         7
d - Yara's Violent Unrav  Hex/Tmut       21%        3d10      11%         5
e - Storm Form            Tmut/Air       33%        N/A       19%         7

Your spell library contained the following spells:

 Spells                   Type           Power      Damage    Failure   Level
 Beastly Appendage        Tmut           100%       N/A       1%          1
 Freeze                   Ice            100%       1d11      1%          1
 Sting                    Tmut/Pois      100%       1d8       1%          1
 Poisonous Vapours        Pois/Air       100%       N/A       1%          2
 Spider Form              Tmut/Pois      51%        N/A       1%          3
 Blade Hands              Tmut           32%        N/A       1%          5
 Kindle Blastsparks       Fire/Tloc/Air  68%        2d15      2%          3
 Frozen Ramparts          Ice            62%        1d10      3%          3
 Summon Lightning Spire   Summ/Air       45%        N/A       3%          4
 Foxfire                  Conj/Fire      48%        2x1d6     5%          1
 Magic Dart               Conj           48%        1d5       5%          1
 Summon Small Mammal      Summ           48%        N/A       5%          1
 Searing Ray              Conj           24%        2d5       8%          2
 Olgreb's Toxic Radiance  Pois           31%        N/A       10%         4
 Irradiate                Conj/Tmut      21%        3d18      11%         5
 Call Canine Familiar     Summ           12%        N/A       16%         3
 Inner Flame              Hex/Fire       12%        N/A       16%         3
 Summon Guardian Golem    Hex/Summ       12%        N/A       16%         3
 Tukima's Dance           Hex            12%        N/A       16%         3
 Hailstorm                Conj/Ice       21%        3d6       22%         4
 Flame Wave               Conj/Fire      12%        2d6       45%         4
 Fulminant Prism          Conj/Hex       6%         3d7       45%         4
 Passage of Golubria      Tloc           12%        N/A       45%         4
 Maxwell's Capacitive Co  Air            34%        ∞         75%         8

Inventory:

Missiles
 b - 2 throwing nets
Jewellery
 c - a ring of ice
   (You found it on level 1 of the Dungeon)
 i - an amulet of regeneration (around neck)
   (You found it on level 2 of the Dungeon)
 q - the ring of Jais (right tentacle) {MP+9 Int+5}
   (You bought it in a shop on level 6 of the Dungeon)

   [ring of magical power]

   Int:       It affects your intelligence (+5).
   MP:        It affects your magic capacity (+9).
 v - the ring of Wu Jian's Generosity {*Corrode Fly rF+ rN+ Slay+2}
   (You bought it in a shop on level 6 of the Dungeon)

   [ring of protection from fire]

   Slay:      It affects your accuracy & damage with ranged weapons and melee
   (+2).
   rF:        It protects you from fire.
   rN:        It protects you from negative energy.
   Fly:       It grants you flight.
   *Corrode:  It may corrode you when you take damage.
 w - a ring of poison resistance (left tentacle)
   (You found it on level 6 of the Dungeon)
Wands
 k - a wand of flame (74)
   (You found it on level 4 of the Dungeon)
 p - a wand of polymorph (22)
   (You found it on level 4 of the Dungeon)
 x - a wand of digging (14)
   (You found it on level 7 of the Dungeon)
 y - a wand of iceblast (27)
   (You found it on level 8 of the Dungeon)
 A - a wand of paralysis (12)
   (You found it on level 8 of the Dungeon)
 I - a wand of mindburst (5)
   (You found it in an ice cave)
Scrolls
 f - a scroll of teleportation
 g - 3 scrolls of amnesia
 l - 3 scrolls of fog
 s - 2 scrolls of enchant armour
 u - 3 scrolls of magic mapping
 B - a scroll of identify
 C - 4 scrolls of brand weapon
 D - a scroll of blinking
 E - a scroll of fear
 F - a scroll of immolation
Potions
 a - 5 potions of attraction
 d - 7 potions of mutation
 e - 21 potions of curing
 h - 2 potions of cancellation
 m - 2 potions of haste
 n - 6 potions of brilliance
 r - a potion of resistance
 t - 6 potions of lignification
 z - a potion of flight
 G - a potion of berserk rage
 H - a potion of magic {unknown}

Dungeon Overview and Level Annotations

Branches:
Dungeon (12/15) Zot: 25489  Temple (1/1) D:4 Zot: 5916    Lair (5/5) D:11 Zot: 24213
  Swamp (0/4) Lair:3        Snake (0/4) Lair:2        Slime (0/5) Lair:4
    Orc (0/2) D:10          IceCv (visited)         Volcano (visited)

Altars:
Ashenzari
Cheibriados
Dithmenos
Elyvilon
Fedhas
Gozag
Hepliaklqana
Kikubaaqudgha
Makhleb
Nemelex Xobeh
Okawaru
Qazlal
Ru
Sif Muna
Trog
Uskayaw
Vehumet
Wu Jian
Xom
Yredelemnul
Zin
The Shining One
Jiyva

Shops:
D:2 *   D:5 (   D:6 =   D:8 *   D:11 *   Lair:1 =

Portals:
Trove: D:10 (give 6 scrolls of fear)

Annotations:
D:4 2 runed translucent doors, SigmundSlayer's ghost, weakling DsEE
D:5 exclusion: steam dragon
Lair:2 exclusion: oklob plant
Lair:3 3 runed translucent doors, SirDiesAlot's ghost, journeyman DEEE
Lair:4 exclusion: oklob plant
Lair:5 1 runed translucent door, Valamore's ghost, journeyman TeAE

#.....#P............# ##### ###
....#............... #...###.##
....##.............. .....#...#
... #......#....... ....#..#.##
##..#..###......
~..####.#.########..######.......
≈..# ##...##...#..## ###.......
≈~~#####...........## ##..#######
≈~..#.#.......hkv...###...#....$#
≈~~............Dli........+W~~~(#
≈≈~.............i.........#....$#
≈~...................P.P..#######
~......[................##.......
~~....................#..........
.................................
.................................
................PP............P..


You could see a seven-headed hydra, a spriggan rider, a basilisk, a rime drake,
a black bear and a spriggan.


Message History

The rime drake breathes ice at you. The flash freeze hits you!
You partially resist.
You are encased in ice.
The basilisk gazes at you.
You easily resist.
The basilisk gazes at you.
You easily resist.
Your limbs are stiffening. 😕 HP[-6]
You take 6 damage, and now have 112/118 hp.
Casting: Ice Form (mildly dangerous; 1% risk of failure)
Confirm with . or Enter, or press ? or * to list all spells.
You don't know that spell.
Casting: Ice Form (mildly dangerous; 1% risk of failure)
Confirm with . or Enter, or press ? or * to list all spells.
You warm up again.
You turn into a lightning-filled tempest!
You hear a shout!
You hear an angry growl.
You hear a shout! x2
You have turned to stone.
The ice encasing you melts away. The basilisk gazes at you.
You easily resist.
A black bear comes into view.
The seven-headed hydra bites you. The seven-headed hydra bites you!
The seven-headed hydra bites you but does no damage.
The seven-headed hydra bites you. x2
The seven-headed hydra bites you but does no damage.
The seven-headed hydra completely misses you.
The black bear growls angrily.
The seven-headed hydra bites you but does no damage. x2
The seven-headed hydra barely misses you.
The seven-headed hydra bites you.
The seven-headed hydra bites you but does no damage.
The seven-headed hydra bites you. x2
The seven-headed hydra bites you. x4
The seven-headed hydra bites you but does no damage.
The seven-headed hydra bites you.
The seven-headed hydra bites you but does no damage.
The rime drake breathes ice at you. The flash freeze hits you!
You are encased in ice.
The spriggan rider hits you but does no damage.
A spriggan comes into view. It is wielding a +0 dagger.
The seven-headed hydra bites you! x2
The seven-headed hydra bites you but does no damage.
The seven-headed hydra bites you.
The seven-headed hydra bites you but does no damage. x3
The rime drake bites you but does no damage.
The spriggan rider hits you from afar with a +0 spear!
The rime drake bites you but does no damage.
The seven-headed hydra bites you.
The seven-headed hydra bites you but does no damage. x2
The seven-headed hydra bites you. The seven-headed hydra bites you!
* * * LOW HITPOINT WARNING * * *
The seven-headed hydra bites you.
* * * LOW HITPOINT WARNING * * *
The seven-headed hydra bites you!
* * * LOW HITPOINT WARNING * * *
The basilisk bites you!
* * * LOW HITPOINT WARNING * * *
The spriggan rider completely misses you.
The rime drake bites you.
* * * LOW HITPOINT WARNING * * *
The seven-headed hydra bites you.
* * * LOW HITPOINT WARNING * * *
The seven-headed hydra bites you!
* * * LOW HITPOINT WARNING * * *
The seven-headed hydra bites you but does no damage.
The seven-headed hydra bites you.
* * * LOW HITPOINT WARNING * * *
The seven-headed hydra bites you.
The seven-headed hydra bites you but does no damage. x2
The ice encasing you melts away.
The spriggan rider hits you but does no damage.
The basilisk bites you!
* * * LOW HITPOINT WARNING * * *
The rime drake bites you but does no damage.
The seven-headed hydra bites you but does no damage.
The seven-headed hydra bites you.
The seven-headed hydra barely misses you.
The seven-headed hydra completely misses you.
The seven-headed hydra bites you.
* * * LOW HITPOINT WARNING * * *
The seven-headed hydra barely misses you.
The seven-headed hydra bites you.
* * * LOW HITPOINT WARNING * * *
The rime drake bites you but does no damage.
The basilisk bites you!
* * * LOW HITPOINT WARNING * * *
The spriggan rider hits you from afar with a +0 spear!
* * * LOW HITPOINT WARNING * * *
The spriggan hits you with a +0 dagger.
* * * LOW HITPOINT WARNING * * *
The seven-headed hydra bites you but does no damage.
The seven-headed hydra bites you!
* * * LOW HITPOINT WARNING * * *
The seven-headed hydra bites you but does no damage.
The seven-headed hydra bites you!
You die...
Your body crumbles into a pile of gold.

Skill      XL: |  1  2  3  4  5  6  7  8  9 10 11 12 13 14 |
---------------+-------------------------------------------+-----
Poison Magic   | 1 2 3 4 |  4.0
Ice Magic      | 1 2 3 4 |  4.0
Transmutations | 3 4 6 7 9 10 11 12 | 12.4
Spellcasting   | 3 4 5 7 8 10 | 10.3
Unarmed Combat | 4 6 7 9 10 11 | 11.2
Fighting       | 7 10 | 10.6
Air Magic      | 6 12 13 | 13.8
Dodging        | |  2.0

Action                   |  1- 3 |  4- 6 |  7- 9 | 10-12 | 13-15 || total
-------------------------+-------+-------+-------+-------+-------++-------
Melee: Unarmed           |    61 |   168 |   308 |   591 |   469 ||  1597
       Constrict         |    16 |    16 |     6 |     1 |       ||    39
       Tentacles         |    17 |    18 |     6 |     1 |     2 ||    44
       Punch             |     1 |     3 |       |     1 |     6 ||    11
       Tailslap          |       |       |       |       |     7 ||     7
       Bite              |       |       |       |       |     4 ||     4
 Cast: Spider Form       |     1 |     9 |     8 |     3 |       ||    21
       Ice Form          |       |     3 |    22 |    66 |    39 ||   130
       Wereblood         |       |       |     6 |    10 |    11 ||    27
       Yara's Violent Un |       |       |       |     1 |       ||     1
       Storm Form        |       |       |       |       |     6 ||     6
       Dragon Form       |       |       |       |       |     3 ||     3
Invok: Call Merchant     |       |       |     1 |     1 |       ||     2
       Potion Petition   |       |       |       |     1 |     2 ||     3
  Use: Scroll            |     4 |     8 |     7 |    15 |     5 ||    39
       Potion            |     2 |       |       |     6 |     6 ||    14
 Stab: Sleeping          |     2 |     1 |     2 |       |       ||     5
       Distracted        |       |       |       |     2 |     3 ||     5
       Invisible         |       |       |       |     2 |       ||     2
       Petrified         |       |       |       |       |     1 ||     1
Armor: Skin              |     7 |    19 |   105 |   174 |   254 ||   559
Dodge: Dodged            |    40 |   147 |   189 |   229 |   275 ||   880

Levels and vault maps discovered:
D:1:      dpeg_arrival_shrine, layout_rooms, kennysheep_decorative_pillar,
          kennysheep_flooded_box, nicolae_grassy_gnolls
D:2:      minmay_spotlight, layout_rooms, serial_shops,
          nicolae_shop_advertising_works [nicolae_subvault_shop_adworks],
          nicolae_ecumenical_oubliette, minmay_diced_spiral
D:3:      layout_loops_corners, minitemple, chequers_serial_rivers_micro_c,
          serial_park_tiny_pond, roderic_roman_lattice,
          chequers_serial_rivers_large_b, minmay_three_crescents
D:4:      layout_basic, nicolae_overflow_hidden_temple,
          minmay_temple_entry_statues, ebering_ghost_disaster_area
D:5:      cheibrodos_thug_alley, layout_basic, serial_shops, shop
D:6:      kennysheep_kobold_camp, layout_basic
D:7:      minmay_inner_zag, layout_basic, serial_bayou_pond_e
D:8:      nzn_winding_woodlands_three_and_one
          [nzn_winding_woodlands_5x15_lazy_stream,
          nzn_winding_woodlands_5x15_garden, nzn_winding_woodlands_5x15_crooked,
          nzn_winding_woodlands_center_lodge], layout_basic,
          serial_co_window_serial, co_window_of_opportunity_a,
          co_window_corner_a, co_window_paths_b, co_window_corner_a,
          co_window_paths_b, co_window_broadway_a, co_window_broadway_b,
          co_window_corner_ca, co_window_broadway_c, co_window_unsneaky_path_a,
          co_window_paths_d, glass_columns_a, glass_columns_a, glass_columns_c,
          glass_columns_b, nicolae_alphabet_shops,
          hangedman_abyss_or_decor_stabs, minmay_manual_mares
D:9:      layout_basic, uniq_psyche
D:10:     layout_roguey, lemuel_blue_sif_altar, orc_0_dummy,
          nicolae_trove_entry_columns, dk_noncrumbling_4, uniq_grum
D:11:     layout_roguey [special_room_orc], grunt_lair_entry_orc_guard_hut,
          serial_shops, shop, uniq_josephine
D:12:     layout_loops_corners
Temple:   minmay_freezing_vapour_temple
Lair:1:   layout_roguey, enter_volcano_4
Lair:2:   layout_regular_city, guppyfry_snake_entry_garden, serial_bayou_pond_c,
          tgw_fedhas
Lair:3:   beast_lair_carwin_large_2, layout_loops_ring,
          nicolae_swamp_entry_splash_gauntlet, ebering_ghost_rock_garden
Lair:4:   layout_layer_cave, minmay_slime_entry_jelly_boxes, minivault_25,
          minivault_27, minmay_lair_oklob_bushes, minmay_stone_trees_small,
          serial_bayou_shore_b
Lair:5:   minmay_lair_end_enchanted_forest, layout_cave_shapes,
          portal_ice_cave_entry_ice_simulacra, ebering_ghost_reflecting_pool,
          nicolae_lair_lakeside_cave, infiniplex_staircase_pool_2, uniq_nessos

Notes
Turn   | Place    | Note
-------+----------+-------------------------------------------
     0 | D:1      | ytrimaz the Octopode Transmuter began the quest for the
                  | Orb.
     0 | D:1      | Reached XP level 1. HP: 13/13 MP: 3/3
     0 | D:1      | magus.rc [v1.9.6]
   316 | D:1      | Reached XP level 2. HP: 9/18 MP: 5/5
   690 | D:1      | Reached skill level 1 in Poison Magic
   807 | D:1      | Reached skill level 1 in Ice Magic
   807 | D:1      | Reached XP level 3. HP: 23/23 MP: 6/6
   810 | D:1      | Learned a level 2 spell: Wereblood
   814 | D:1      | Learned a level 3 spell: Spider Form
  1229 | D:1      | You add the spells Tukima's Dance, Passage of Golubria and
                  | Yara's Violent Unravelling to your library.
  1378 | D:2      | Reached skill level 2 in Poison Magic
  1378 | D:2      | Reached XP level 4. HP: 28/28 MP: 3/7
  1842 | D:2      | Found Ykunotiwk's General Store.
  1849 | D:2      | Bought a potion of curing for 39 gold pieces
  1849 | D:2      | Bought a scroll of identify for 26 gold pieces
  1993 | D:2      | Found a faded altar of an unknown god.
  2162 | D:3      | Reached skill level 2 in Ice Magic
  2361 | D:3      | Reached skill level 3 in Transmutations
  2361 | D:3      | Reached XP level 5. HP: 30/33 MP: 9/9
  2518 | D:3      | Reached skill level 3 in Poison Magic
  2564 | D:3      | Learned a level 4 spell: Ice Form
  2567 | D:3      | Found a blossoming altar of Fedhas.
  2577 | D:3      | Found a sacrificial altar of Ru.
  2579 | D:3      | Found a stormy altar of Qazlal.
  2582 | D:3      | Found a broken altar of Ashenzari.
  3049 | D:3      | Reached skill level 3 in Ice Magic
  3282 | D:4      | You add the spells Sting, Poisonous Vapours and Olgreb's
                  | Toxic Radiance to your library.
  3339 | D:4      | Reached XP level 6. HP: 38/38 MP: 10/10
  3342 | D:4      | Found an iron altar of Okawaru.
  3345 | D:4      | Found a sparkling altar of Nemelex Xobeh.
  3386 | D:4      | Reached skill level 4 in Poison Magic
  3508 | D:4      | Found a staircase to the Ecumenical Temple.
  3575 | Temple   | Entered the Ecumenical Temple
  3583 | Temple   | Became a worshipper of Gozag Ym Sagoz the Greedy
  3760 | D:4      | Found a large runed translucent door.
  3760 | D:4      | Found a large runed translucent door.
  3765 | D:4      | Noticed SigmundSlayer's ghost (weakling DsEE)
  4105 | D:5      | Entered Level 5 of the Dungeon
  4404 | D:4      | Reached skill level 4 in Ice Magic
  4464 | D:5      | Reached skill level 3 in Spellcasting
  4487 | D:5      | Reached XP level 7. HP: 43/43 MP: 11/11
  4575 | D:5      | Found Dur Paergh's Weapon Shoppe.
  4764 | D:5      | Noticed a steam dragon
  4774 | D:5      | Identified the +2 robe of Feasting {rPois rC+ Int+3 Dex-5}
  4816 | D:5      | Reached skill level 4 in Unarmed Combat
  4816 | D:5      | Reached skill level 4 in Transmutations
  4826 | D:5      | Reached skill level 4 in Spellcasting
  4826 | D:5      | Reached XP level 8. HP: 24/48 MP: 10/14
  5043 | D:5      | Identified a scroll of acquirement
  5043 | D:5      | Acquired 294 gold pieces
  5191 | D:5      | Reached skill level 5 in Unarmed Combat
  5191 | D:5      | Reached skill level 5 in Transmutations
  5372 | D:5      | Learned a level 5 spell: Yara's Violent Unravelling
  5510 | D:6      | You pick up a book of Frost and begin reading...
  5510 | D:6      | You add the spells Freeze, Frozen Ramparts and Hailstorm to
                  | your library.
  5579 | D:6      | Reached skill level 5 in Spellcasting
  5824 | D:6      | Reached skill level 6 in Unarmed Combat
  5824 | D:6      | Reached skill level 6 in Transmutations
  5824 | D:6      | Reached XP level 9. HP: 53/53 MP: 12/17
  5870 | D:6      | You fall into a shaft and drop 1 floor!
  6193 | D:6      | Reached skill level 6 in Spellcasting
  6623 | D:6      | Acquired 720 gold pieces
  6632 | D:6      | Bought the ring of Jais {MP+9 Int+5} for 487 gold pieces
  6632 | D:6      | Bought the ring of Wu Jian's Generosity {*Corrode Fly rF+
                  | rN+ Slay+2} for 534 gold pieces
  7037 | D:7      | Reached skill level 7 in Unarmed Combat
  7133 | D:7      | Reached skill level 7 in Transmutations
  7442 | D:7      | You pick up a book of Callings and begin reading...
  7442 | D:7      | You add the spells Summon Small Mammal, Call Canine
                  | Familiar and Summon Guardian Golem to your library.
  7449 | D:7      | Identified the +8 quarterstaff "Maqoclug" {flame, rF-
                  | Int+9}
  7627 | D:7      | Reached skill level 7 in Spellcasting
  7660 | D:7      | Reached XP level 10. HP: 50/58 MP: 20/20
  7835 | D:8      | Reached skill level 8 in Unarmed Combat
  7835 | D:8      | Reached skill level 8 in Transmutations
  7954 | D:8      | Found Aopist's Alliterative Accessories.
  8885 | D:8      | Noticed a centaur warrior
  8892 | D:8      | Killed a centaur warrior
  8893 | D:8      | Reached skill level 8 in Spellcasting
  9156 | D:8      | Bought a scroll of acquirement for 624 gold pieces
  9157 | D:8      | Acquired 899 gold pieces
  9377 | D:9      | Noticed a cyclops
  9399 | D:9      | Killed a cyclops
  9400 | D:9      | Reached skill level 9 in Unarmed Combat
  9400 | D:9      | Reached skill level 9 in Transmutations
  9635 | D:9      | Identified a +2 robe of the Archmagi
  9636 | D:9      | Noticed a boulder beetle
  9646 | D:9      | Reached XP level 11. HP: 63/63 MP: 23/23
  9679 | D:9      | Killed a boulder beetle
  9735 | D:9      | Noticed Psyche
  9757 | D:9      | Killed Psyche
  9764 | D:9      | Reached skill level 9 in Spellcasting
 10079 | D:10     | Entered Level 10 of the Dungeon
 10210 | D:10     | Reached skill level 10 in Unarmed Combat
 10210 | D:10     | Reached skill level 10 in Transmutations
 10320 | D:10     | Found a staircase to the Orcish Mines.
 10478 | D:10     | Noticed Grum
 10550 | D:10     | Killed Grum
 10607 | D:10     | Found a portal to a secret trove of treasure.
 10611 | D:10     | This trove needs 6 scrolls of fear to function. Give it the
                  | items?
 11007 | D:10     | Found a shimmering blue altar of Sif Muna.
 11195 | D:11     | Found a staircase to the Lair.
 11437 | D:11     | Noticed an orc knight
 11577 | D:11     | Killed an orc knight
 11580 | D:11     | HP: 11/75 [orc warrior/+0 scimitar (15)]
 11581 | D:11     | HP: 4/75 [orc warrior/+0 scimitar (8)]
 11586 | D:11     | HP: 23/112 [komodo dragon (21)]
 11588 | D:11     | HP: 4/112 [komodo dragon (17)]
 11738 | D:11     | Reached skill level 10 in Spellcasting
 11740 | D:11     | Reached XP level 12. HP: 68/68 MP: 26/26
 11893 | D:11     | Noticed Josephine
 11909 | D:11     | Killed Josephine
 11910 | D:11     | Reached skill level 11 in Unarmed Combat
 11910 | D:11     | Reached skill level 11 in Transmutations
 12065 | D:11     | Found Giwics's Assorted Antiques.
 12068 | D:11     | Bought 2 potions of heal wounds for 270 gold pieces
 12352 | D:8      | Bought a manual of Air Magic for 960 gold pieces
 12429 | D:12     | You pick up a book of the Sky and begin reading...
 12429 | D:12     | You add the spells Summon Lightning Spire, Storm Form and
                  | Maxwell's Capacitive Coupling to your library.
 12514 | D:12     | You pick up a book of Conjurations and begin reading...
 12514 | D:12     | You add the spells Magic Dart, Searing Ray and Fulminant
                  | Prism to your library.
 12650 | D:12     | Reached skill level 2 in Fighting
 12667 | D:12     | HP: 10/86 [cyclops (26)]
 12674 | D:12     | Reached skill level 3 in Fighting
 12983 | D:12     | Reached skill level 4 in Fighting
 13211 | D:12     | Noticed a two-headed ogre
 13217 | D:12     | Killed a two-headed ogre
 13229 | D:12     | Reached skill level 5 in Fighting
 13541 | D:12     | HP: 23/93 [very large slime creature (43)]
 13555 | D:12     | Reached skill level 6 in Fighting
 13935 | Lair:1   | Entered Level 1 of the Lair of Beasts
 13944 | Lair:1   | Reached skill level 1 in Air Magic
 14118 | Lair:1   | Found a dark tunnel.
 14183 | Volcano  | Entered a volcano
 14530 | Lair:1   | Reached skill level 2 in Air Magic
 14616 | Lair:1   | You pick up a book of Flames and begin reading...
 14616 | Lair:1   | You add the spells Foxfire, Kindle Blastsparks, Inner Flame
                  | and Flame Wave to your library.
 14618 | Lair:1   | Identified the +10 dagger of the Peculiar Portals {vorpal,
                  | Int+2 Dex+6}
 14628 | Lair:1   | Learned a level 7 spell: Storm Form
 14694 | Lair:1   | Reached skill level 3 in Air Magic
 14790 | Lair:1   | Reached skill level 7 in Fighting
 14790 | Lair:1   | Reached skill level 4 in Air Magic
 14868 | Lair:1   | Reached skill level 5 in Air Magic
 15539 | Lair:2   | Reached skill level 6 in Air Magic
 15544 | Lair:2   | Reached XP level 13. HP: 88/88 MP: 27/27
 15761 | Lair:2   | Found a staircase to the Snake Pit.
 15776 | Lair:2   | Reached skill level 8 in Fighting
 15776 | Lair:2   | Reached skill level 7 in Air Magic
 15882 | Lair:2   | Found a blossoming altar of Fedhas.
 16366 | Lair:3   | Found a runed translucent gate.
 16367 | Lair:3   | Found a runed translucent gate.
 16367 | Lair:3   | Found a runed translucent gate.
 16368 | Lair:3   | Noticed SirDiesAlot's ghost (journeyman DEEE)
 16448 | Lair:3   | Reached skill level 8 in Air Magic
 16576 | Lair:3   | HP: 21/108 [polar bear (12)]
 16578 | Lair:3   | HP: 9/108 [polar bear (2)]
 16586 | Lair:3   | HP: 32/162 [polar bear (14)]
 16687 | Lair:3   | Reached skill level 9 in Fighting
 16727 | Lair:3   | Reached skill level 9 in Air Magic
 17201 | Lair:3   | Found a staircase to the Swamp.
 17662 | Lair:4   | Found a staircase to the Slime Pits.
 17663 | Lair:4   | Found a viscous altar of Jiyva.
 17806 | Lair:4   | Reached skill level 10 in Air Magic
 18448 | Lair:4   | Reached skill level 10 in Fighting
 19123 | Lair:5   | Entered Level 5 of the Lair of Beasts
 19134 | Lair:5   | Reached skill level 11 in Air Magic
 19200 | Lair:5   | Acquired a book of Transfigurations
 19203 | Lair:5   | You pick up a book of Transfigurations and begin reading...
 19203 | Lair:5   | You add the spells Irradiate, Blade Hands and Dragon Form
                  | to your library.
 19213 | Lair:5   | Learned a level 7 spell: Dragon Form
 19275 | Lair:5   | Reached skill level 12 in Air Magic
 19287 | Lair:5   | HP: 22/111 [six-headed hydra (11)]
 19382 | Lair:5   | Found a runed translucent door.
 19382 | Lair:5   | Noticed Valamore's ghost (journeyman TeAE)
 19416 | Lair:5   | Found a frozen archway.
 19436 | Lair:5   | Noticed Nessos
 19446 | Lair:5   | Killed Nessos
 19447 | Lair:5   | Reached XP level 14. HP: 99/99 MP: 28/28
 19473 | Lair:5   | Reached skill level 13 in Air Magic
 19492 | IceCv    | Entered an ice cave
 19745 | IceCv    | Reached skill level 12 in Transmutations
 19867 | IceCv    | Noticed a reaper
 19887 | IceCv    | HP: 19/118 [reaper/+2 scythe of freezing (18)]
 19888 | IceCv    | HP: 5/118 [reaper/+2 scythe of freezing (46)]
 19946 | IceCv    | Identified the +4 whip "Icveh" {pain, rElec rF+ MP+9}
 20336 | Lair:5   | Gained mutation: You are clumsy. (Dex -2) [mutagenic glow]
 20552 | Lair:5   | HP: 23/99 [seven-headed hydra (2)]
 20553 | Lair:5   | HP: 9/99 [spriggan rider/+0 spear (8)]
 20553 | Lair:5   | HP: 4/99 [seven-headed hydra (4)]
 20553 | Lair:5   | Slain by a seven-headed hydra

Vanquished Creatures
  Nessos (Lair:5)
  Josephine (D:11)
  2 hydras
  A catoblepas (Lair:5)
  A centaur warrior (D:8)
  A boulder beetle (D:9)
  A two-headed ogre (D:12)
  3 spriggans (Lair:5)
  A bog body (Lair:3)
  An orc knight (D:11)
  A lindwurm (Lair:4)
  An ugly thing (IceCv)
  2 cyclopes
  6 elephants (Lair:3)
  An ice statue (IceCv)
  3 black mambas
  Psyche (D:9)
  12 cane toads
  3 unseen horrors
  4 kobold demonologists
  5 komodo dragons
  An ice devil (IceCv)
  2 trolls
  8 polar bears
  10 blink frogs
  4 hornets (Lair:5)
  6 slime creatures
  5 dream sheep (Lair:5)
  3 vampires (D:12)
  2 shadows
  5 wraiths
  38 yaks
  3 wyverns
  3 basilisks
  Grum (D:10)
  A steam dragon (D:9)
  3 swamp worms (Lair:3)
  14 water moccasins
  10 orc warriors
  A sky beast (D:7)
  2 ice beasts (D:6)
  11 black bears
  A boggart (Lair:5)
  6 centaurs
  32 wolves
  3 ogres
  A phantom (D:5)
  9 kobold brigands
  12 bullfrogs
  3 cane toad simulacra
  3 scorpions
  2 necrophages
  A gnoll sergeant (D:7)
  4 two-headed ogre simulacra (IceCv)
  19 wights
  7 killer bees
  3 elephant simulacra
  An electric eel (Lair:3)
  10 howler monkeys
  A lava snake (Volcano)
  3 hounds
  15 jellies
  7 orc priests
  A gnoll bouda (D:4)
  4 iguanas
  7 orc wizards
  4 spriggan simulacra (IceCv)
  A wolf simulacrum (Lair:5)
  4 polar bear simulacra (IceCv)
  4 troll simulacra (IceCv)
  12 gnolls
  3 naga simulacra (IceCv)
  12 adders
  A shadow imp (D:6)
  4 white imps
  5 ufetubi
  3 dart slugs
  30 orcs
  2 ball pythons
  8 bats
  9 endoplasms
  A giant cockroach (D:1)
  6 hobgoblins
  7 quokkas
  3 frilled lizards
  7 goblins
  48 kobolds
  11 rats
525 creatures vanquished.

Vanquished Creatures (others)
  An orc (D:9)
  A kobold (D:6)
  20 fungi
  54 plants
76 creatures vanquished.

Grand Total: 601 creatures vanquished

Table legend:
 A = Non-vault XP
 B = Vault XP
 C = Vault XP percentage of total XP
 D = Non-vault monster count
 E = Vault monster count
 F = Vault count percentage of total count
                 A         B        C        D         E       F
            +---------+---------+-------+---------+---------+-------
      Total |   47382 |   19130 |  28.8 |     333 |     192 |  36.6
            +---------+---------+-------+---------+---------+-------
        D:1 |      28 |      14 |  33.3 |      19 |       1 |   5.0
        D:2 |      60 |      28 |  31.8 |      13 |      10 |  43.5
        D:3 |     165 |      23 |  12.2 |      15 |       6 |  28.6
        D:4 |     167 |       0 |   0.0 |       8 |       0 |   0.0
        D:5 |     962 |     203 |  17.4 |      18 |      13 |  41.9
        D:6 |    1157 |     123 |   9.6 |      29 |      20 |  40.8
        D:7 |    1344 |     455 |  25.3 |      24 |       5 |  17.2
        D:8 |    1215 |    1633 |  57.3 |       9 |      11 |  55.0
        D:9 |    3713 |     391 |   9.5 |      36 |       1 |   2.7
       D:10 |    2252 |     645 |  22.3 |      21 |       5 |  19.2
       D:11 |    2886 |    4476 |  60.8 |      14 |      36 |  72.0
       D:12 |    4560 |       0 |   0.0 |      18 |       0 |   0.0
     Lair:1 |    3984 |       0 |   0.0 |      17 |       0 |   0.0
     Lair:2 |    2689 |       0 |   0.0 |      12 |       0 |   0.0
     Lair:3 |    5145 |    2446 |  32.2 |      15 |      11 |  42.3
     Lair:4 |    4616 |     562 |  10.9 |      18 |      15 |  45.5
     Lair:5 |   12439 |    5732 |  31.5 |      47 |      26 |  35.6
      IceCv |       0 |    2352 | 100.0 |       0 |      31 | 100.0
    Volcano |       0 |      47 | 100.0 |       0 |       1 | 100.0
            +---------+---------+-------+---------+---------+-------

Illustrated notes

Table legend:
 A = Kills in this place as a percentage of kills in entire the game.
 B = Kills by you in this place as a percentage of kills by you in the entire game.
 C = Kills by friends in this place as a percentage of kills by friends in the entire game.
 D = Other kills in this place as a percentage of other kills in the entire game.
 E = Experience gained in this place as a percentage of experience gained in the entire game.
 F = Experience gained in this place divided by the number of levels of this place that you have seen.
                   A       B       C       D       E      F
               +-------+-------+-------+-------+-------+----------------------
         Total | 100.0 | 100.0 |   N/A |   N/A | 100.0 | 3325.6
       Dungeon |  63.2 |  63.2 |   N/A |   N/A |  39.8 | 2208.3
          Lair |  30.7 |  30.7 |   N/A |   N/A |  56.6 | 7522.6
      Ice Cave |   5.9 |   5.9 |   N/A |   N/A |   3.5 | 2352.0
       Volcano |   0.2 |   0.2 |   N/A |   N/A |   0.1 |  47.0
               +-------+-------+-------+-------+-------+----------------------

Table legend: (Time is in decaauts)
 A = Elapsed time spent in this place.
 B = Non-inter-level travel time spent in this place.
 C = Inter-level travel time spent in this place.
 D = Time resting spent in this place.
 E = Time spent auto-exploring this place.
 F = Levels seen in this place.
 G = Mean time per level.
                   A        B        C        D        E       F      G
               +--------+--------+--------+--------+--------+-----+--------+
         Total |  20379 |  19538 |    841 |    979 |  14582 |  20 | 1019.0 |
       Dungeon |  13805 |  13039 |    766 |    739 |   9727 |  12 | 1150.4 |
        Temple |     83 |     83 |      0 |     69 |      1 |   1 |   83.0 |
          Lair |   5785 |   5710 |     75 |    135 |   4514 |   5 | 1157.0 |
      Ice Cave |    446 |    446 |      0 |      0 |    239 |   1 |  446.0 |
       Volcano |    258 |    258 |      0 |     36 |    100 |   1 |  258.0 |
               +--------+--------+--------+--------+--------+-----+--------+

Top non-repeatable levels by time:
  Lair:4: 1576 daAuts
     D:8: 1400 daAuts
    D:11: 1349 daAuts
     D:1: 1334 daAuts
     D:6: 1313 daAuts
  Lair:3: 1280 daAuts
     D:7: 1149 daAuts
    D:10: 1142 daAuts
    D:12: 1140 daAuts
     D:3: 1107 daAuts
     D:4: 1084 daAuts
  Lair:1: 1045 daAuts
     D:5: 1023 daAuts
  Lair:2: 969 daAuts
     D:9: 952 daAuts
